 Dungeon Crawl Stone Soup version 0.22-a0-750-ga7dcef7 (webtiles) character file.

8 Amnesiac the Digger (level 2, 19/19 HPs)
             Began as a Demonspawn Earth Elementalist on July 16, 2018.
             Quit the game on level 2 of the Dungeon.
             The game lasted 00:00:37 (209 turns).

Amnesiac the Digger (Demonspawn Earth Elementalist)  Turns: 209, Time: 00:00:38

Health: 19/19      AC:  2    Str:  8    XL:     2   Next: 0%
Magic:  2/5        EV: 12    Int: 16    God:
Gold:   9          SH:  0    Dex: 13    Spells: 5/6 levels left

rFire    . . .     SeeInvis .   (no weapon)
rCold    . . .     Gourm    .   (no shield)
rNeg     . . .     Faith    .   c - +0 robe
rPois    .         Spirit   .   (no helmet)
rElec    .         Reflect  .   (no cloak)
rCorr    .         Harm     .   (no gloves)
MR       .....                  (no boots)
Stlth    ++........             (no amulet)
HPRegen  0.06/turn              (no ring)
MPRegen  0.09/turn              (no ring)

@: no status effects
A: claws 1
a: no special abilities


You were on level 2 of the Dungeon.
You were not hungry.

You visited 1 branch of the dungeon, and saw 2 of its levels.

You collected 9 gold pieces.

Inventory:

Missiles
 b - 45 stones (quivered)
Armour
 c - a +0 robe (worn)
Scrolls
 e - a scroll of remove curse {!r, unknown}
Potions
 a - a potion of brilliance {!q, unknown}
Comestibles
 d - a ration
 f - a chunk of flesh


   Skills:
 - Level 1.7 Dodging
 - Level 2.0 Stealth
 + Level 2.5 Spellcasting
   Level 0.8 Transmutations
 - Level 2.6 Earth Magic


You had 5 spell levels left.
You knew the following spells:

 Your Spells              Type           Power        Failure   Level  Hunger
a - Sandblast             Erth           ##....       7%          1    #......

Your spell library contained the following spells:

 Spells                   Type           Power        Failure   Level  Hunger
 Stone Arrow              Conj/Erth      #.....       34%         3    ###....
 Passwall                 Tmut/Erth      #.......     14%         2    ##.....
 Lee's Rapid Deconstruct  Erth           ##........   88%         5    ######.
 Petrify                  Tmut/Erth      #.......     67%         4    #####..


Dungeon Overview and Level Annotations

Branches:
Dungeon (2/15)

Altars:


Innate Abilities, Weirdness & Mutations

You have sharp fingernails.


Message History

The rat bites you.
You hit the rat.
You kill the rat!
No target in view!
There is a stone staircase leading up here.
You climb upwards.
The hobgoblin shouts!
A bat, 2 giant cockroaches, a goblin and a hobgoblin come into view.
The hobgoblin shouts!
Found five items.
Found a stone staircase leading down.
There is a stone staircase leading down here.
The goblin shouts!
You climb downwards.
There is a stone staircase leading up here.
There is a stone staircase leading up here.
HP restored.
Found a stone staircase leading down.
A goblin comes into view.
Found 20 bolts.
Found 21 stones.
There is a stone staircase leading down here.
A frilled lizard comes into view.
Found 20 stones.
A rat comes into view.
You see here 21 stones.
b - 48 stones (gained 21)
An adder comes into view.
Found a scroll labeled ITEXID LUKAHAO.
The rat closely misses you.
Casting: Sandblast (safe; 7% risk of failure)
Confirm with . or Enter, or press ? or * to list all spells.
Aiming: Sandblast (safe; 7% risk of failure)
Press: ? - help, Shift-Dir - straight line, f - rat
Aim: a rat The blast of sand hits the rat.
You kill the rat!
b - 47 stones
Casting: Sandblast (safe; 7% risk of failure)
Confirm with . or Enter, or press ? or * to list all spells.
Aiming: Sandblast (safe; 7% risk of failure)
Press: ? - help, Shift-Dir - straight line, f - frilled lizard
Aim: a frilled lizard The blast of sand hits the frilled lizard.
You kill the frilled lizard!
b - 46 stones
Casting: Sandblast (safe; 7% risk of failure)
Confirm with . or Enter, or press ? or * to list all spells.
You can't see any susceptible monsters within range! (Use Z to cast anyway.)
You start resting.
Magic restored.
You start resting.
Magic restored.
Casting: Sandblast (safe; 7% risk of failure)
Confirm with . or Enter, or press ? or * to list all spells.
Aiming: Sandblast (safe; 7% risk of failure)
Press: ? - help, Shift-Dir - straight line, f - goblin
Aim: a goblin (resting)
The blast of sand hits the goblin.
You kill the goblin!
You have reached level 2!
Your demonic ancestry asserts itself...
Your fingernails lengthen.
b - 45 stones Are you sure you want to abandon this character and quit the game? (Confirm with "yes".)

###...###
#.......#
#†#...#.# #.#...#
#.#.....#
####.#...#.#
##..>.#####.#
##...........####
..#
#.......@..(.....
...
#......##.##.#...
..#
#.#..........# #.
#.#
#.####.##....#
#.##.# #.#
#.##.##.# ....#
##.## #.##..
....###..# #...#
#..... .........#
#.#.# #.#
#######.## #...#
... #.......#


There were no monsters in sight!

Vanquished Creatures
  A dart slug (D:1)
  A bat (D:1)
  A goblin (D:2)
  2 frilled lizards
  2 rats (D:2)
7 creatures vanquished.

Notes
Turn   | Place    | Note
-------+----------+-------------------------------------------
     0 | D:1      | Amnesiac the Demonspawn Earth Elementalist began the quest for the Orb.
     0 | D:1      | Reached XP level 1. HP: 13/13 MP: 3/3
   207 | D:2      | Gained mutation: You have sharp fingernails. [demonic ancestry]
   207 | D:2      | Reached XP level 2. HP: 19/19 MP: 2/5
   209 | D:2      | Quit the game

Vault maps used:
D:1:      roderic_crossed_star
D:2:      minmay_diamond_boxcup

Skill      XL: |  1 |
---------------+----+-----
Stealth        | 2 |  2.0
Dodging        | |  1.7
Spellcasting   | |  2.5
Transmutations | |  0.8
Earth Magic    | |  2.6

Action                   || total
-------------------------++-------
Melee: Unarmed           ||    11
 Cast: Sandblast         ||     6
 Stab: Sleeping          ||     1
Armor: Robe              ||     4
Dodge: Dodged            ||     5

Table legend:
 A = Spawn XP
 B = Non-spawn XP
 C = Spawn XP percentage of total XP
 D = Spawn monster count
 E = Non-spawn monster count
 F = Spawn count percentage of total count
 G = Total turns spent on level
                    A         B        C        D         E        F      G
               +---------+---------+-------+---------+---------+-------+---------
         Total |       0 |      12 |   0.0 |       0 |       7 |   0.0 |   209
               +---------+---------+-------+---------+---------+-------+---------
           D:1 |       0 |       7 |   0.0 |       0 |       3 |   0.0 |    75
           D:2 |       0 |       5 |   0.0 |       0 |       4 |   0.0 |   134
               +---------+---------+-------+---------+---------+-------+---------
